Map: [ESL] Hecate

Players

Spirit - Winner!

  • Race: Terran Terran
  • Spawn Location: 7:00

HeroMarine

  • Race: Terran Terran
  • Spawn Location: 1:00

Event: ESL SC2 Masters 2023 Winter (Regional)

VOD

Have the link to the VOD?

Description

Time

  • Played on: Nov. 17, 2023, 8:16 a.m.
  • Length: 13:02

All games in this series

Show
View Real Time Build Order
Export as new Build Order

Spirit Terran - Winner!

Build Orders: Cyclone Opening, Reaper Expand 

Get SALT Encoding   

  12  0:00  SCV  
  13  0:12  SCV  
  14  0:16  Supply Depot  
  14  0:24  SCV  
  15  0:38  SCV  
  15  0:40  Barracks  
  16  0:44  Refinery  
  16  0:50  SCV  
  17  1:02  SCV  
  18  1:14  SCV  
  19  1:26  Reaper  
  19  1:27  Orbital Command  
  20  1:39  Command Center  
  20  1:51  Supply Depot  
  20  1:52  SCV  
  21  1:58  Marine  
  22  2:04  SCV  
  22  2:06  Factory  
  23  2:11  Refinery  
  23  2:16  SCV, Marine  
  25  2:23  Bunker  
  25  2:29  SCV  
  26  2:34  Marine  
  27  2:41  SCV  
  28  2:51  Cyclone, Starport  
  30  2:53  SCV  
  30  2:57  Orbital Command  
  31  3:00  Barracks Reactor  
  31  3:08  SCV, Refinery  
  32  3:20  SCV  
  32  3:23  Cyclone, SCV  
  32  3:26  Supply Depot  
  36  3:29  Starport Tech Lab  
  36  3:32  SCV  
  37  3:35  SCV  
  37  3:37  Marine  
  37  3:39  Supply Depot, Marine  
  40  3:44  SCV  
  40  3:47  SCV  
  42  3:50  Raven  
  42  3:52  Interference Matrix  
  44  3:55  Factory Tech Lab  
  44  3:56  Marine, SCV  
  44  3:57  Marine  
  44  4:00  SCV  
  48  4:08  SCV  
  49  4:12  SCV  
  49  4:20  SCV  
  49  4:21  Siege Tank  
  49  4:22  Marine  
  54  4:24  Raven  
  54  4:25  SCV  
  54  4:31  Marine  
  56  4:32  SCV  
  56  4:37  SCV  
  58  4:39  Supply Depot  
  58  4:40  Marine  
  58  4:45  SCV  
  60  4:49  SCV  
  60  4:51  Supply Depot, Marine  
  62  5:00  SCV  
  62  5:01  Siege Tank  
  62  5:03  SCV  
  65  5:07  Command Center  
  65  5:08  Raven  
  65  5:13  Marine, SCV  
  65  5:14  Marine  
  69  5:15  SCV  
  70  5:25  SCV  
  70  5:27  SCV  
  72  5:31  Supply Depot  
  72  5:34  Barracks, Refinery  
  72  5:35  Barracks  
  74  5:37  SCV  
  74  5:39  Siege Tank  
  78  5:44  SCV  
  78  5:49  SCV, Engineering Bay x2  
  78  5:56  SCV  
  79  6:01  SCV  
  79  6:04  Viking  
  82  6:07  Viking  
  82  6:08  SCV  
  85  6:13  SCV  
  86  6:18  Stimpack  
  86  6:19  Siege Tank  
  86  6:23  Barracks Reactor  
  86  6:25  Barracks Reactor, SCV  
  91  6:26  Orbital Command  
  91  6:31  Barracks x2, SCV  
  90  6:37  SCV  
  90  6:39  Terran Infantry Weapons Level 1  
  91  6:42  Supply Depot x2  
  91  6:44  Marine, Terran Infantry Armor Level 1, SCV  
  93  6:49  SCV  
  94  6:54  Siege Tank  
  94  6:55  SCV  
  94  6:57  SCV  
  94  7:00  Supply Depot  
  99  7:02  SCV, Marine  
  99  7:03  Orbital Command  
  99  7:05  Viking  
  99  7:07  Marine x4  
  107  7:09  SCV  
  107  7:14  SCV  
  108  7:19  Marine  
  108  7:20  Barracks Reactor  
  108  7:21  SCV  
  108  7:22  Barracks Reactor  
  110  7:25  Marine x4  
  110  7:26  Siege Tank, SCV  
  110  7:29  SCV, Supply Depot x2  
  119  7:33  SCV  
  116  7:38  SCV  
  116  7:41  SCV  
  116  7:43  Sensor Tower, Marine x2  
  120  7:44  Refinery x2  
  120  7:45  SCV  
  120  7:46  Marine x3  
  120  7:50  SCV  
  125  7:52  Armory  
  125  7:53  SCV  
  125  7:57  SCV  
  125  7:58  Combat Shield  
  127  8:00  Marine x3  
  127  8:01  Marine  
  127  8:02  Viking  
  133  8:07  Viking, Command Center  
  133  8:10  Marine x3  
  133  8:12  Marine  
  139  8:13  SCV  
  139  8:16  Marine  
  139  8:18  Marine  
  141  8:24  Missile Turret  
  141  8:26  Missile Turret x2  
  141  8:30  Marine  
  141  8:31  Marine  
  141  8:32  Marine x2  
  141  8:33  SCV, Marine x2  
  140  8:38  Marine x2  
  140  8:39  Terran Infantry Weapons Level 2  
  140  8:40  Terran Infantry Armor Level 2  
  134  8:41  Marine  
  134  8:46  Medivac x2  
  134  8:48  Marine  
  140  8:49  Marine  
  140  8:52  Supply Depot x2  
  141  8:59  Marine x3  
  141  9:02  Marine  
  129  9:03  Marine x2  
  129  9:04  SCV, Marine  
  129  9:06  SCV, Marine  
  129  9:07  Marine  
  129  9:09  Siege Tank  
  122  9:12  SCV  
  122  9:16  SCV  
  122  9:17  Marine x3  
  121  9:18  SCV  
  121  9:19  Medivac  
  121  9:20  Marine x3  
  121  9:21  Marine  
  121  9:23  Marine  
  133  9:24  SCV  
  133  9:25  Marine  
  133  9:28  SCV  
  133  9:30  SCV  
  136  9:34  Marine  
  136  9:35  Marine x2  
  136  9:38  Marine x3  
  139  9:39  Marine  
  139  9:41  Siege Tank  
  139  9:42  Marine  
  139  9:43  Marine  
  148  9:49  SCV  
  148  9:52  Marine, SCV  
  148  9:53  Marine x2  
  148  9:56  Marine x3  
  148  9:59  Marine  
  155  10:00  Marine x2  
  155  10:03  Medivac  
  155  10:05  SCV  
  155  10:06  SCV  
  155  10:07  Planetary Fortress  
  161  10:10  Marine  
  161  10:11  SCV, Marine x2  
  161  10:13  Siege Tank  
  161  10:14  Marine x3  
  169  10:17  Marine  
  169  10:18  SCV  
  172  10:34  Marine  
  172  10:35  SCV, Marine  
  172  10:36  Marine x2  
  172  10:37  Marine x2  
  172  10:38  Marine  
  172  10:43  SCV  
  172  10:57  Supply Depot  
  172  10:58  Supply Depot  
  172  11:02  Supply Depot  
  172  11:03  Command Center  
  172  11:04  Supply Depot  
  172  11:07  SCV  
  172  11:19  Medivac x2, Marine x9  
  172  11:20  Siege Tank, SCV  
  175  11:37  Marine x9  
  175  11:38  SCV  
  185  11:41  SCV  
  185  11:46  SCV  
  179  11:49  Medivac x2  
  179  11:52  Siege Tank  
  185  11:54  Marine x4, SCV  
  185  11:55  Marine x5  
  195  12:04  SCV  
  195  12:07  SCV  
  187  12:12  Marine x5  
  187  12:13  Marine x3  
  195  12:19  Liberator x2  
  195  12:20  Marine  
  197  12:24  Siege Tank  
  197  12:26  SCV  
  197  12:30  Marine x2, SCV  
  197  12:37  Marine  
  197  12:38  Marine x2  
  190  12:46  Refinery x2  
  190  12:47  Factory  
  190  12:48  SCV  
  190  12:49  Barracks  
  190  12:50  Barracks x2  
Show
View Real Time Build Order
Export as new Build Order

HeroMarine Terran 

Build Orders: Cyclone Opening 

Get SALT Encoding   

  12  0:00  SCV  
  13  0:12  SCV  
  14  0:17  Supply Depot  
  14  0:24  SCV  
  15  0:38  SCV  
  15  0:39  Barracks  
  16  0:43  Refinery  
  16  0:50  SCV  
  16  0:53  Refinery  
  17  1:03  SCV  
  18  1:15  SCV  
  19  1:26  Reaper  
  19  1:27  Orbital Command  
  19  1:31  Supply Depot  
  20  1:42  Factory  
  20  1:52  SCV  
  21  1:58  Reaper  
  22  2:04  SCV  
  23  2:15  Command Center  
  23  2:18  SCV  
  24  2:26  Cyclone  
  26  2:30  SCV  
  26  2:31  Barracks Reactor  
  27  2:40  Supply Depot  
  27  2:42  SCV  
  28  2:47  Starport  
  28  2:55  SCV  
  29  3:07  SCV  
  30  3:14  Cyclone  
  30  3:15  Refinery  
  30  3:16  Cyclone  
  30  3:19  SCV  
  35  3:25  Starport Tech Lab  
  35  3:28  Orbital Command  
  35  3:31  SCV  
  36  3:43  SCV  
  36  3:46  Cyclone  
  41  3:48  Cyclone  
  41  3:50  Raven  
  41  3:54  SCV  
  41  3:55  SCV  
  45  3:59  Interference Matrix  
  45  4:03  Supply Depot  
  45  4:06  SCV  
  45  4:07  SCV  
  45  4:18  Cyclone  
  45  4:19  SCV x2  
  48  4:29  Raven  
  50  4:32  SCV  
  50  4:33  Barracks Tech Lab, Command Center, SCV  
  52  4:39  Cyclone  
  52  4:44  SCV  
  52  4:45  SCV  
  56  4:49  Supply Depot  
  56  4:52  Stimpack, Marine  
  56  4:56  SCV  
  56  4:57  SCV  
  59  5:06  Raven  
  59  5:08  SCV  
  59  5:09  SCV  
  59  5:10  Marine  
  62  5:14  Barracks  
  62  5:17  Barracks  
  62  5:20  Factory Reactor, SCV  
  63  5:21  SCV  
  63  5:28  Marine  
  64  5:32  SCV, Engineering Bay x2  
  64  5:33  SCV, Refinery  
  67  5:41  Barracks  
  67  5:42  Barracks  
  67  5:45  SCV x2  
  67  5:46  Marine  
  70  5:52  Starport Reactor  
  70  5:54  Orbital Command  
  70  5:57  SCV x2  
  70  6:04  Marine  
  71  6:09  SCV x2  
  71  6:10  Siege Tank  
  74  6:13  Orbital Command  
  72  6:21  SCV  
  72  6:22  SCV  
  72  6:23  Marine x2  
  72  6:24  Marine  
  77  6:26  Terran Infantry Weapons Level 1, Terran Infantry Armor Level 1  
  77  6:30  Missile Turret, Marine x2  
  79  6:33  SCV  
  79  6:34  SCV  
  85  6:43  Barracks Reactor x2, Supply Depot, Marine x3  
  85  6:44  SCV, Supply Depot  
  85  6:56  Supply Depot  
  85  6:57  Combat Shield, Supply Depot  
  85  7:02  Marine  
  85  7:04  Marine  
  85  7:05  Siege Tank, Medivac x2, Marine x2, SCV x3  
  96  7:09  Marine  
  97  7:17  SCV x3  
  97  7:20  Supply Depot, Marine x5  
  97  7:22  Marine  
  106  7:27  Supply Depot  
  106  7:28  Armory  
  106  7:29  SCV x3  
  109  7:32  Marine x2  
  107  7:38  Marine x4  
  107  7:39  Medivac x2  
  107  7:41  SCV x3  
  116  7:46  Marine, Refinery x2  
  116  7:47  Marine x2  
  116  7:49  Supply Depot x2  
  116  7:50  Marine  
  120  7:53  SCV  
  120  7:55  SCV x2  
  120  7:58  Marine x2  
  123  8:00  Marine, Supply Depot  
  123  8:01  Siege Tank, Marine  
  130  8:05  SCV  
  130  8:07  Marine x2  
  130  8:08  Sensor Tower  
  130  8:10  Marine  
  134  8:13  Supply Depot  
  134  8:15  Marine  
  136  8:22  SCV x2  
  136  8:23  SCV  
  138  8:27  Terran Infantry Weapons Level 2, Terran Infantry Armor Level 2  
  138  8:28  Marine x2  
  138  8:30  Barracks Reactor, Command Center  
  138  8:32  Marine  
  138  8:33  Marine  
  139  8:39  SCV x2  
  139  8:40  Marine x2  
  129  8:43  Siege Tank, Marine x2  
  129  8:45  Marine  
  129  8:46  Medivac x2  
  139  8:48  Terran Vehicle Weapons Level 1  
  139  8:52  Marine x2  
  139  8:55  Marine  
  139  8:58  Marine x2  
  134  9:05  Marine x5  
  126  9:10  Marine  
  126  9:11  Marine  
  126  9:13  Marine  
  126  9:16  Siege Tank, Marine x2  
  131  9:17  SCV x3  
  131  9:22  Marine, Medivac  
  131  9:23  Marine x4, Medivac  
  143  9:27  Factory  
  143  9:28  Marine  
  143  9:29  Marine  
  145  9:31  Marine  
  145  9:33  Marine  
  145  9:34  Marine  
  148  9:40  Barracks, Marine x2  
  148  9:41  Barracks, Marine x3  
  148  9:42  Barracks  
  153  9:45  Marine  
  153  9:46  SCV x3  
  153  9:49  Siege Tank  
  160  10:00  Marine x2, Medivac x2  
  160  10:02  Marine  
  160  10:03  Marine  
  160  10:06  SCV x2  
  160  10:07  SCV  
  171  10:08  Planetary Fortress  
  171  10:11  Marine x2  
  171  10:13  Sensor Tower  
  173  10:14  Marine  
  173  10:15  Marine  
  169  10:30  Viking  
  169  10:31  SCV x2  
  169  10:33  SCV  
  147  10:36  Marine x2  
  147  10:37  Marine x2  
  147  10:42  Siege Tank  
  142  10:47  Marine x2  
  142  10:48  Siege Tank, Marine x2  
  142  10:49  Marine x2  
  145  10:53  SCV  
  145  10:54  Marine, SCV x2  
  145  10:55  SCV  
  150  10:57  Marine  
  150  10:59  Marine  
  152  11:05  SCV  
  152  11:06  SCV x2  
  152  11:07  SCV  
  156  11:12  Marine x2  
  156  11:18  SCV x3  
  160  11:19  Siege Tank, SCV  
  160  11:22  Siege Tank  
  132  11:32  Marine x2  
  132  11:37  Marine  
  132  11:38  Marine x9  
  134  11:49  Marine  
  134  11:51  Siege Tank  
  135  11:55  Siege Tank  
  135  12:01  Viking x2  
  142  12:02  Marine x2  
  142  12:04  Marine x2  
  142  12:06  Marine  
  139  12:13  Marine x4  
  139  12:14  Marine  
  144  12:17  Marine  
  143  12:23  Siege Tank  
  143  12:27  Siege Tank  
  140  12:30  Marine  
  140  12:32  Orbital Command  
  140  12:33  Marine  
  140  12:34  Marine x2  
  140  12:35  Marine  
  142  12:38  Marine x2  
  142  12:40  Marine x2  
  142  12:42  Marine x2  
Tags
 
Add a new tag
Caveats
  • Supply blocks, unpowered buildings, or Contaminate may cause inaccurate times.
  • Supply counts are checked every 10 seconds.